[Event "Late-Titled-Tuesday-Blitz-October-10-2023"]
[Site "Chess.com"]
[Date "2023.10.10"]
[Round "2"]
[White "sergeikim"]
[Black "Witaliss"]
[Result "0-1"]
[WhiteElo "2591"]
[BlackElo "2411"]
[TimeControl "180+1"]
[EndTime "14:16:56 PDT"]
[Termination "Witaliss won by resignation"]

1. d4 Nf6 2. c4 c6 3. Nf3 d5 4. Qc2 g6 5. e3 Bg7 6. Bd3 O-O 7.
O-O c5 8. dxc5 Na6 9. a3 Nxc5 10.
Nc3 Nxd3 11. Qxd3 dxc4 12. Qxc4 Qb6 13. Qh4 Be6 14. e4 Rfd8 15. e5 Nd5 16. Ng5 h6 17. Nxe6 Qxe6 18. Nxd5 Rxd5 19. f4 Rad8 20. Be3 a6 21. h3 Rd3 22. Rf3 R8d7 23. Raf1 Qf5 24.
Bc5 Rxf3 25. Rxf3 g5 26. Qh5 Qb1+ 27. Kh2 gxf4 28. e6 Rc7 29. Qxf7+ Kh8 30. Bxe7 Rc1 31. Rxf4 Rh1+ 32. Kg3 Qe1+ 33. Kg4 Qe2+ 34. Kf5 Qxg2 35. Bf6 Qxh3+ 36. Ke5 Qe3+ 37. Kf5 Qh3+ 38. Ke5 Qe3+ 39. Kf5 Qc5+ 40. Kg4 Rg1+ 41. Kh3 Qe3+ 0-1

[Event "Late-Titled-Tuesday-Blitz-October-10-2023"]
[Site "Chess.com"]
[Date "2023.10.10"]
[Round "2"]
[White "Walter_White_Poland"]
[Black "Byniolus"]
[Result "0-1"]
[WhiteElo "2325"]
[BlackElo "2709"]
[TimeControl "180+1"]
[EndTime "14:16:58 PDT"]
[Termination "Byniolus won by resignation"]

1. e4 d6 2. d4 Nf6 3. Nc3 c6 4. a4 a5 5. h3 e5 6. dxe5 dxe5 7. Qxd8+ Kxd8 8. Bc4 Be6 9. Bxe6 fxe6 10. Be3 Bb4 11. Ne2 Nxe4 12. O-O-O+ Nd6 13. Na2 Kc7 14. c3 Na6 15.
cxb4 axb4 16. b3 c5 17. g4 Rhf8 18. Kb1 Kc6 19. Ng3 b5 20. Rxd6+ Kxd6 21. axb5 Nc7 22. Rd1+ Nd5 23. Ne4+ Kc7 24. Bxc5 Rf3 25. Bd6+ Kb6 26.
Bc5+ Kxb5 27. Be3 Rxh3 28. Nd6+ Kc6 29. Nc4 e4 30. Rd4 g6 31. Rxe4 Rh1+ 32. Bc1 Rxa2 33. Rxe6+ Kc5 34. Kxa2 Rxc1 35. Kb2 Rf1 36. Re2 Nc3 37.
Rd2 Ne4 38. Rc2 Rxf2 39. Nd2+ Kd5 40. Nc4 Rxc2+ 41. Kxc2 Kd4 42. Na5 Nf2 43. Nc6+ Kc5 44. Ne5 Kd5 45. Nd3 Nxd3 46. Kxd3 h5 0-1

[Event "Late-Titled-Tuesday-Blitz-October-10-2023"]
[Site "Chess.com"]
[Date "2023.10.10"]
[Round "2"]
[White "slow_jamz"]
[Black "PapaieDudu"]
[Result "1-0"]
[WhiteElo "2658"]
[BlackElo "2374"]
[TimeControl "180+1"]
[EndTime "14:16:59 PDT"]
[Termination "slow_jamz won by resignation"]

1. d4 d5 2. c4 e6 3. Nc3 Nf6 4. Nf3 a6 5. cxd5 exd5 6. Bg5 c6 7. e3 Bd6 8. Bd3 Nbd7 9. O-O O-O 10. Re1 h6 11.
Bh4 Re8 12. a3 Nf8 13. b4 Ne6 14. Na4 b5 15. Nc5 Nxc5 16. dxc5 Bc7 17. a4 Bg4 18. h3 Bh5 19. g4 Bg6 20. Nd4 Bxd3 21. Qxd3 g5 22. Bg3 Bxg3 23. fxg3 Ne4 24. Nf5 Qf6 25. Qd4 Qg6 26. axb5 axb5 27. Rxa8 Rxa8 28. Ra1 Rxa1+ 29. Qxa1 Kh7 30. Qe5 Nd2 31. Kg2 Nc4 32. Qe7 Qe6 33. Qxe6 fxe6 34. Nd4 Nxe3+ 35. Kf3 e5 36. Nxc6 Nc4 37.
Ne7 e4+ 38. Kf2 d4 39. c6 e3+ 40. Ke2 Kg7 41. c7 Nd6 42. c8=Q Nxc8 43. Nxc8 Kf6 44.
Nd6 Ke5 45. Nb7 Ke4 46. Nc5+ Kd5 47. Kd3 Ke5 48. Nb3 Kd5 49. Nxd4 Ke5 1-0

[Event "Late-Titled-Tuesday-Blitz-October-10-2023"]
[Site "Chess.com"]
[Date "2023.10.10"]
[Round "2"]
[White "Rozhkov_V"]
[Black "DonJuanEGenaro"]
[Result "1-0"]
[WhiteElo "2415"]
[BlackElo "1914"]
[TimeControl "180+1"]
[EndTime "14:16:59 PDT"]
[Termination "Rozhkov_V won by checkmate"]

1. e4 c5 2. Nf3 Nc6 3. d3 e6 4. g3 d5 5. Nbd2 Nf6 6. Bg2 Be7 7. O-O O-O 8. Re1 b5 9. h4 d4 10. Nh2 e5 11. f4 exf4 12. gxf4 Ng4 13. Nxg4 Bxh4 14. Rf1 Bg3 15. f5 Qe7 16. f6 Qd6 17.
fxg7 Rd8 18. Nf6+ Kxg7 19. Qh5 Qe5 20. Qxh7+ Kf8 21. Ng4 Qg7 22. Qxg7+ Kxg7 23. Nf6 Be5 24. Nh5+ Kg6 25. Nf4+ Bxf4 26. Rxf4 Ne5 27. Nf3 f6 28.
Nh4+ Kf7 29. Bd2 Rg8 30. Raf1 Ng4 31. e5 Ne3 32. Bxe3 dxe3 33. Rxf6+ Ke7 34. Rf7+ Ke6 35. R1f6+ Kxe5 36. Ng6+ Kd4 37. Rd6# 1-0

[Event "Late-Titled-Tuesday-Blitz-October-10-2023"]
[Site "Chess.com"]
[Date "2023.10.10"]
[Round "2"]
[White "FMJoseHerrera"]
[Black "tgpgoat"]
[Result "1/2-1/2"]
[WhiteElo "2751"]
[BlackElo "2536"]
[TimeControl "180+1"]
[EndTime "14:17:00 PDT"]
[Termination "Game drawn by repetition"]

1. Nf3 Nf6 2. g3 e6 3. Bg2 d5 4. O-O Be7 5. c4 O-O 6. cxd5 exd5 7. b3 c5 8. Bb2 Nc6 9. d4 Bf5 10.
dxc5 Bxc5 11. Nc3 Rc8 12. Nb5 Be4 13. Rc1 Bb6 14. Ba3 a6 15. Nd6 Rc7 16. Nxb7 Rxb7 17. Bxf8 Qxf8 18. Rxc6 h6 19. e3 Qa3 20. Qe2 Kh7 21.
Rfc1 d4 22. Nxd4 Bxc6 23. Qc2+ g6 24. Nxc6 Rc7 25. Rd1 Ng4 26. Qe4 h5 27. Qf4 Qxa2 28.
Bd5 Qe2 29. Rf1 Nxe3 30. Bc4 Nxc4 31. bxc4 Rxc6 32. Qxf7+ Kh6 33. Qf8+ Kh7 34. Qf7+ Kh6 35. Qf8+ Kh7 36. Qf7+ 1/2-1/2

[Event "Late-Titled-Tuesday-Blitz-October-10-2023"]
[Site "Chess.com"]
[Date "2023.10.10"]
[Round "2"]
[White "wild3000"]
[Black "MathiasWomacka"]
[Result "0-1"]
[WhiteElo "2313"]
[BlackElo "2520"]
[TimeControl "180+1"]
[EndTime "14:17:01 PDT"]
[Termination "MathiasWomacka won on time"]

1. d4 Nf6 2. g3 c5 3. dxc5 e6 4. Bg2 Bxc5 5. c4 d5 6. cxd5 exd5 7. Nf3 O-O 8. O-O Nc6 9. Bg5 h6 10. Bf4 Bg4 11. Nc3 d4 12. Na4 Be7 13. Rc1 Rc8 14.
h3 Bh5 15. g4 Bg6 16. b3 Ne4 17. Ne5 Nxe5 18. Bxe5 b5 19. Rxc8 Qxc8 20. Qxd4 Rd8 21. Qe3 Nd2 22. Rd1 bxa4 23. Bxg7 Kxg7 24. Qxe7 Nf3+ 25.
Bxf3 Rxd1+ 26. Kg2 axb3 27. axb3 Qe6 28. Qxa7 Be4 29. Qe3 Bxf3+ 30. Qxf3 Qd5 31. e4 Qd3 32. Qf4 Qxb3 33. Qe5+ Kh7 34. Qf5+ Kg7 35. Qe5+ Kg8 36. Qf4 Qe6 37. h4 Qd6 0-1

[Event "Late-Titled-Tuesday-Blitz-October-10-2023"]
[Site "Chess.com"]
[Date "2023.10.10"]
[Round "2"]
[White "nicholas_ilic"]
[Black "Aygehovit1992"]
[Result "0-1"]
[WhiteElo "2303"]
[BlackElo "2696"]
[TimeControl "180+1"]
[EndTime "14:17:02 PDT"]
[Termination "Aygehovit1992 won on time"]

1. e4 c5 2. b3 Nf6 3. Nc3 Nc6 4. Bb2 e6 5. Bb5 Nd4 6. Nf3 a6 7. Bd3 Nc6 8. e5 Ng4 9. Qe2 Qc7 10. Nd1 b5 11. h3 Nh6 12. Ne3 Bb7 13. a4 Nb4 14. axb5 Nxd3+ 15. Qxd3 axb5 16. Rxa8+ Bxa8 17. Qxb5 Bxf3 18. gxf3 Be7 19. f4 O-O 20. O-O f5 21. d4 cxd4 22. Bxd4 Rb8 23. Qa6 Nf7 24. Ra1 g5 25. Qa7 Rb7 26.
Qa8+ Rb8 27. Qg2 h6 28. Ra7 Qc8 29. fxg5 hxg5 30. h4 g4 31. f3 Bc5 32. Ra4 Bxd4 33.
Rxd4 Qc5 34. Qd2 Nxe5 35. Kf2 Nxf3 36. Rc4 Nxd2 37. Rxc5 Ne4+ 38. Ke2 Nxc5 0-1

[Event "Late-Titled-Tuesday-Blitz-October-10-2023"]
[Site "Chess.com"]
[Date "2023.10.10"]
[Round "2"]
[White "karinachess1"]
[Black "UK_23"]
[Result "0-1"]
[WhiteElo "2588"]
[BlackElo "2368"]
[TimeControl "180+1"]
[EndTime "14:17:02 PDT"]
[Termination "UK_23 won on time"]

1. d4 d5 2. c4 e6 3. Nc3 Nf6 4.
Nf3 Be7 5. Bg5 O-O 6. e3 b6 7. Qc2 Bb7 8. Rd1 Nbd7 9. Bd3 dxc4 10. Bxc4 a6 11. O-O Bxf3 12. gxf3 Nh5 13. Bxe7 Qxe7 14.
Bd3 Nhf6 15. f4 c5 16. Be2 cxd4 17. Rxd4 e5 18. fxe5 Nxe5 19. Qf5 Ng6 20. Rfd1 b5 21.
a3 Rfd8 22. Qd3 Rxd4 23. Qxd4 Rc8 24. Qb6 Qc7 25. Qxa6 Rb8 26. Nxb5 Qe5 27. Qd6 Rxb5 28. Bxb5 Qxb5 29. b4 h5 30. Qc5 Qe2 31. Qd4 Ng4 32.
Rf1 Nxh2 33. Kxh2 Qxf1 34. Kg3 h4+ 35. Kf3 h3 36. b5 h2 0-1

[Event "Late-Titled-Tuesday-Blitz-October-10-2023"]
[Site "Chess.com"]
[Date "2023.10.10"]
[Round "2"]
[White "Fandorine"]
[Black "BigAl"]
[Result "1-0"]
[WhiteElo "2931"]
[BlackElo "2590"]
[TimeControl "180+1"]
[EndTime "14:17:04 PDT"]
[Termination "Fandorine won on time"]

1. g3 g6 2. Bg2 Bg7 3. e4 d5 4. exd5 Nf6 5. Nc3 c6 6. dxc6 Nxc6 7. Nge2 h5 8. h3 Bf5 9. d3 Qd7 10. Be3 e5 11. Ne4 O-O 12. Nxf6+ Bxf6 13. Nc3 b6 14.
Qd2 Rac8 15. Ne4 Bg7 16. c3 Rcd8 17. O-O-O Be6 18. Kb1 f6 19. Bh6 Rc8 20. Bxg7 Kxg7 21. g4 h4 22. f4 Qf7 23. c4 Rfd8 24. fxe5 Nxe5 25. Qc3 b5 26. g5 Nd7 27. gxf6+ Kg8 28.
Nd6 Qxf6 29. Qxf6 Nxf6 30. Nxc8 Rxc8 31. Rhe1 Bf5 32. cxb5 Rb8 33. a4 Kf7 34. Rc1 g5 35. Rc7+ Kg6 36. Rxa7 Bxd3+ 37. Ka1 Rc8 38. b6 1-0

[Event "Late-Titled-Tuesday-Blitz-October-10-2023"]
[Site "Chess.com"]
[Date "2023.10.10"]
[Round "2"]
[White "a-z30"]
[Black "lluiss"]
[Result "1-0"]
[WhiteElo "2476"]
[BlackElo "2215"]
[TimeControl "180+1"]
[EndTime "14:17:05 PDT"]
[Termination "a-z30 won on time"]

1. c4 Nf6 2. Nc3 d5 3. e3 g6 4. Nf3 Bg7 5. b3 Ne4 6. Bb2 O-O 7. cxd5 Nd7 8. Qc2 Nef6 9. e4 Nb6 10. Be2 e6 11. dxe6 Bxe6 12. O-O c5 13. Rfd1 Bg4 14. h3 Bxf3 15. Bxf3 Nfd7 16. g3 Ne5 17. Be2 Nc6 18.
Nb5 Bxb2 19. Qxb2 a6 20. d4 axb5 21. dxc5 Qc8 22. cxb6 Qxh3 23. Bxb5 Rac8 24. Qf6 Qe6 25. Qxe6 fxe6 26. Bc4 Kf7 27. Rd7+ Kf6 28. Rxb7 Na5 29. Rxh7 Nxc4 30. bxc4 Rxc4 31. a4 Rb4 32. a5 Rc8 33.
b7 1-0

[Event "Late-Titled-Tuesday-Blitz-October-10-2023"]
[Site "Chess.com"]
[Date "2023.10.10"]
[Round "2"]
[White "aNaartjieZA"]
[Black "vyprd"]
[Result "0-1"]
[WhiteElo "2557"]
[BlackElo "2353"]
[TimeControl "180+1"]
[EndTime "14:17:06 PDT"]
[Termination "vyprd won by resignation"]

1. e4 c5 2. Nf3 Nc6 3. g3 e5 4. Bg2 g6 5. O-O Bg7 6. c3 Nge7 7. a3 O-O 8. d3 h6 9. b4 b6 10. Nbd2 d5 11. b5 Na5 12. Re1 d4 13. cxd4 cxd4 14. a4 Be6 15. Ba3 Qd7 16. Qe2 Rfc8 17. Rec1 Rxc1+ 18. Rxc1 Rc8 19. Rxc8+ Nxc8 20. Qd1 Qc7 21. Bb4 Nb7 22.
Ne1 g5 23. Nc2 Bf8 24. Bxf8 Kxf8 25. Qb1 Ne7 26. Bf3 f6 27. Bd1 Qc3 28. Qb4 Qxb4 29. Nxb4 Nc5 30. Kf1 Ke8 31. Ke2 Kd7 32. Nb1 Kc7 33.
Kd2 Kb7 34. Kc1 a5 35. bxa6+ Nxa6 36. Nxa6 Kxa6 37. Kb2 Ka5 38. Bb3 Bd7 39. Na3 Kb4 40. Nc2+ Ka5 41. Ka3 Nc6 42. Bd5 Nb8 43. f4 Bxa4 44.
Ne1 exf4 45. gxf4 gxf4 46. Nf3 Bb5 47. Nxd4 Bxd3 48. Bb7 b5 49. Kb3 Kb6 50. Bd5 Nd7 51. Kc3 Ne5 52. Ne6 f3 0-1

[Event "Late-Titled-Tuesday-Blitz-October-10-2023"]
[Site "Chess.com"]
[Date "2023.10.10"]
[Round "2"]
[White "Dedic8"]
[Black "BulteniBo"]
[Result "1-0"]
[WhiteElo "2856"]
[BlackElo "2551"]
[TimeControl "180+1"]
[EndTime "14:17:07 PDT"]
[Termination "Dedic8 won by resignation"]

1. d4 g6 2. e4 Bg7 3. Nc3 d6 4. f4 Nf6 5. Nf3 O-O 6. Bd3 c5 7. d5 e6 8. O-O exd5 9. exd5 a6 10. a4 Re8 11. h3 Qa5 12. Bd2 c4 13. Be2 Qc5+ 14.
Kh2 Bf5 15. a5 Nbd7 16. Be1 Ne4 17. Na4 Qe3 18. Nh4 Ndc5 19. Nb6 Rad8 20. Nxc4 Qd4 21.
Qxd4 Bxd4 22. Bf3 Nf6 23. Rd1 Be3 24. Nxe3 Rxe3 25. Nxf5 gxf5 26. Bh4 Kg7 27. Rfe1 Rde8 28. Rxe3 Rxe3 29. Bf2 Re8 30. Bxc5 dxc5 31. d6 Ne4 32. g4 Rd8 33. d7 Kf6 34. gxf5 Kxf5 35. Rd5+ Kxf4 36.
Bg4 c4 37. Rf5+ Ke3 38. Rxf7 Nc5 39. Rxh7 Kd2 40. Bf5 Kc1 41. Rh4 c3 42. bxc3 Nxd7 43. Rd4 Rf8 44. Bxd7 Rf2+ 45. Kg3 Rxc2 46. Rc4 1-0

[Event "Late-Titled-Tuesday-Blitz-October-10-2023"]
[Site "Chess.com"]
[Date "2023.10.10"]
[Round "2"]
[White "ViralduS"]
[Black "kaanadayhamle"]
[Result "0-1"]
[WhiteElo "2716"]
[BlackElo "2460"]
[TimeControl "180+1"]
[EndTime "14:17:08 PDT"]
[Termination "kaanadayhamle won by resignation"]

1. c4 Nf6 2. Nc3 e6 3. Nf3 d5 4. e3 Be7 5. b3 O-O 6. Qc2 Nbd7 7.
Bb2 b6 8. Be2 Bb7 9. g4 Ne4 10.
g5 Nxg5 11. Rg1 Nxf3+ 12. Bxf3 Ne5 13. Be2 Bf6 14. O-O-O Ng6 15. d4 Bh4 16. Bf3 Qf6 17.
Qe2 Rad8 18. Rg2 a6 19. Rdg1 Qe7 20. Kb1 Bf6 21. Rg4 c5 22. dxc5 bxc5 23. cxd5 exd5 24. h4 Ne5 25. R4g3 Nxf3 26. Rxf3 d4 27. Rxf6 Qxf6 28. Na4 Be4+ 29. Ka1 Qf3 30. Qe1 d3 31. Qd2 Qe2 32. Rg6 hxg6 33. Qc3 Qd1+ 34. Bc1 d2 0-1

[Event "Late-Titled-Tuesday-Blitz-October-10-2023"]
[Site "Chess.com"]
[Date "2023.10.10"]
[Round "2"]
[White "ferrufino64"]
[Black "AlivodicDario"]
[Result "0-1"]
[WhiteElo "2210"]
[BlackElo "2463"]
[TimeControl "180+1"]
[EndTime "14:17:08 PDT"]
[Termination "AlivodicDario won by resignation"]

1. e4 c5 2. Nf3 e6 3. d4 cxd4 4.
Nxd4 Nf6 5. Nc3 Nc6 6. a3 Bc5 7.
Be3 Qb6 8. Na4 Qa5+ 9. c3 Bxd4 10. Bxd4 Nxd4 11. Qxd4 O-O 12. O-O-O e5 13. Qc4 d6 14. f3 Be6 15. Qb5 Qc7 16. Qb4 Rfd8 17. Kb1 d5 18. Nc5 a5 19. Nxe6 fxe6 20. Qa4 dxe4 21. Rxd8+ Rxd8 22. fxe4 Qc6 23. Qxa5 Rd1+ 24. Ka2 Nxe4 25. Bb5 Nxc3+ 26. bxc3 Qxg2+ 27. Kb3 Qxh1 28.
Qa8+ Kf7 29. Qe8+ Kf6 30. Qf8+ Kg6 31. Be8+ Kh6 32. Qf2 Qd5+ 33. c4 Qd3+ 34. Kb2 Rd2+ 35. Qxd2+ Qxd2+ 0-1

[Event "Late-Titled-Tuesday-Blitz-October-10-2023"]
[Site "Chess.com"]
[Date "2023.10.10"]
[Round "2"]
[White "rasmussvane"]
[Black "SanchezKelvin"]
[Result "1-0"]
[WhiteElo "2999"]
[BlackElo "2608"]
[TimeControl "180+1"]
[EndTime "14:17:09 PDT"]
[Termination "rasmussvane won by checkmate"]

1. Nf3 b6 2. g3 Bb7 3. Bg2 Nf6 4. O-O c5 5. c4 e6 6. Nc3 Be7 7. d4 cxd4 8. Qxd4 d6 9. Bg5 Nbd7 10. Nb5 Nc5 11. Rfd1 d5 12. cxd5 Bxd5 13. Nc3 O-O 14. Nxd5 Nxd5 15. Bxe7 Nxe7 16. b4 Na6 17. Qe4 Nd5 18.
a3 Qe7 19. Qd3 Nac7 20. e4 Nf6 21. Nd4 e5 22. Nf5 Qe6 23. Rac1 Rad8 24. Qxd8 Rxd8 25. Rxd8+ Nce8 26. Rcc8 h5 27. Nd6 Kh7 28. Nxe8 Ng4 29. h3 Nh6 30. Nc7 Qa2 31. Nd5 Kg6 32. Rc6+ f6 33. Ne7+ Kf7 34. Rd7 Ke8 35. Rb7 h4 36. Rc8+ Kf7 37. Nf5+ Kg6 38. Rxg7+ Kh5 39. g4+ Nxg4 40. hxg4# 1-0

[Event "Late-Titled-Tuesday-Blitz-October-10-2023"]
[Site "Chess.com"]
[Date "2023.10.10"]
[Round "2"]
[White "BeyondMadness"]
[Black "subham777"]
[Result "0-1"]
[WhiteElo "2324"]
[BlackElo "2527"]
[TimeControl "180+1"]
[EndTime "14:17:09 PDT"]
[Termination "subham777 won by resignation"]

1. d4 d5 2. c4 e6 3. Nc3 Nf6 4. cxd5 exd5 5. Bg5 c6 6. e3 Bd6 7. Qc2 O-O 8. Bd3 h6 9. Bh4 a5 10. Nge2 Na6 11. a3 Re8 12. h3 Nc7 13. O-O Be6 14. f3 Be7 15. e4 dxe4 16. fxe4 Rc8 17. e5 Nfd5 18. Bxe7 Qxe7 19. Qd2 Rcd8 20. Ne4 a4 21.
Nd6 Rxd6 22. exd6 Qxd6 23. Bc2 Rd8 24. Bxa4 c5 25. Kh1 cxd4 26. Qxd4 Qa6 27. Nc3 Rd6 28. Bc2 Nf6 29. Qh4 Nce8 30. Rae1 Qb6 31. Rd1 Rxd1 32. Rxd1 Qxb2 33. Qf2 Qxc3 34. Rd8 Qxa3 35. Kh2 Qa5 36. Rd2 b5 37. Qg3 Qxd2 0-1

[Event "Late-Titled-Tuesday-Blitz-October-10-2023"]
[Site "Chess.com"]
[Date "2023.10.10"]
[Round "2"]
[White "Zampronha1971"]
[Black "Battever"]
[Result "0-1"]
[WhiteElo "2285"]
[BlackElo "2518"]
[TimeControl "180+1"]
[EndTime "14:17:09 PDT"]
[Termination "Battever won by checkmate"]

1. e4 c5 2. Nf3 a6 3. Nc3 e6 4. d4 cxd4 5. Nxd4 b5 6. Bd3 Bc5 7. Nb3 Ba7 8. O-O Nc6 9. Qg4 Nf6 10.
Qxg7 Rg8 11. Qh6 Ne5 12. Kh1 Neg4 13. Qh4 Bb7 14. Bg5 Nxf2+ 15. Rxf2 Bxf2 16. Qxf2 Rxg5 17. Rf1 Rg6 18. a4 b4 19. Ne2 Qc7 20. Nf4 Rh6 21.
Nd4 O-O-O 22. Nde2 Rxh2+ 23. Kg1 Rg8 24. c3 b3 25. c4 Rh6 26. Rc1 Ng4 27. Qd4 e5 28. Qa7 exf4 29. c5 Ne3 30. c6 Rxg2# 0-1

[Event "Late-Titled-Tuesday-Blitz-October-10-2023"]
[Site "Chess.com"]
[Date "2023.10.10"]
[Round "2"]
[White "nihalsarin"]
[Black "johnathan113"]
[Result "1-0"]
[WhiteElo "3115"]
[BlackElo "2658"]
[TimeControl "180+1"]
[EndTime "14:17:10 PDT"]
[Termination "nihalsarin won on time"]

1. e4 c5 2. Nf3 g6 3. d4 cxd4 4.
Qxd4 Nf6 5. Bc4 Nc6 6. Qd3 Bg7 7. Nc3 O-O 8. O-O d6 9. h3 a6 10. Bb3 Na5 11. Bg5 b5 12. Rad1 Nxb3 13. axb3 b4 14. Nd5 Nxd5 15. exd5 Bxb2 16. Nd4 Bb7 17. Rfe1 Re8 18.
Qf3 Rc8 19. h4 Rc5 20. Nc6 Bxc6 21. dxc6 Qc7 22. Qe4 Qxc6 23. Qxb4 Bc3 24. Qf4 Bxe1 25. Rxe1 Rf5 26. Qd2 Qd5 27. Qc1 e5 28. c4 Qb7 29.
Qd1 f6 30. Be3 Rd8 31. b4 h5 32. Qd3 d5 33. b5 axb5 34. cxb5 d4 35. Bd2 e4 36.
Rxe4 Qxb5 37. Qg3 Kf7 38. Qa3 Rd7 39. Qa8 Rb7 40. Qh8 Re5 41. Rxd4 Qe2 42. Qh7+ 1-0

[Event "Late-Titled-Tuesday-Blitz-October-10-2023"]
[Site "Chess.com"]
[Date "2023.10.10"]
[Round "2"]
[White "RIPOL"]
[Black "annacramling"]
[Result "0-1"]
[WhiteElo "2446"]
[BlackElo "2217"]
[TimeControl "180+1"]
[EndTime "14:17:10 PDT"]
[Termination "annacramling won by checkmate"]

1. d4 Nf6 2. Bg5 d5 3. Bxf6 exf6 4. e3 Bd6 5. Nd2 c6 6. Ne2 O-O 7. c4 Bf5 8. cxd5 cxd5 9. Nc3 Bc7 10. Qb3 Nc6 11. Qxb7 Nxd4 12. exd4 Re8+ 13. Be2 Bd3 14. O-O Bxe2 15. Rfe1 Qd6 16. g3 Bc4 17. Nb5 Bxb5 18. Qxb5 Rxe1+ 19. Rxe1 g6 20. Re8+ Rxe8 21. Qxe8+ Kg7 22.
Qb5 Bb6 23. Nf3 Qe6 24. Qd3 Qe4 25. Qd1 g5 26. h3 h5 27. a4 g4 28. hxg4 hxg4 29.
Nh4 Kf8 30. Qc1 Bxd4 31. Qc8+ Kg7 32. Nf5+ Kh7 33. Qd7 Qe1+ 34. Kh2 Qxf2+ 35. Kh1 Qg1# 0-1

[Event "Late-Titled-Tuesday-Blitz-October-10-2023"]
[Site "Chess.com"]
[Date "2023.10.10"]
[Round "2"]
[White "bettercallcafu"]
[Black "2typicalchessplayer"]
[Result "1-0"]
[WhiteElo "2660"]
[BlackElo "2352"]
[TimeControl "180+1"]
[EndTime "14:17:11 PDT"]
[Termination "bettercallcafu won on time"]

1. d4 Nf6 2. Nc3 d5 3. Bf4 Bf5 4. e3 e6 5. Bd3 Bxd3 6. cxd3 Bd6 7.
Nge2 O-O 8. Qb3 b6 9. Rc1 a6 10. O-O Nh5 11. Bxd6 Qxd6 12. e4 dxe4 13. dxe4 e5 14.
Rcd1 exd4 15. Rxd4 Qg6 16. Nd5 Nc6 17. Rc4 Kh8 18. Qc3 Na5 19. Rxc7 Qxe4 20. Ne3 Rad8 21. b4 Rd3 22. Qc2 Nb7 23. Rc8 Rxc8 24. Qxc8+ Rd8 25. Qc7 Re8 26. Nc3 Qxb4 27. Qxf7 Nf6 28. Ncd5 Qf8 29. Qxb7 Ne4 30. Qxb6 h6 31. Qg6 Nd2 32. Rd1 Ne4 33.
Qf5 Qc5 34. Nf4 Qc6 35. Ng6+ Kg8 36. Qd5+ Qxd5 37. Nxd5 1-0

[Event "Late-Titled-Tuesday-Blitz-October-10-2023"]
[Site "Chess.com"]
[Date "2023.10.10"]
[Round "2"]
[White "AlexOstrovskiy"]
[Black "Javylavilla"]
[Result "1-0"]
[WhiteElo "2614"]
[BlackElo "2365"]
[TimeControl "180+1"]
[EndTime "14:17:13 PDT"]
[Termination "AlexOstrovskiy won by resignation"]

1. d4 Nf6 2. Bf4 d5 3. e3 c5 4. c3 Nc6 5. Nd2 Qb6 6. Qb3 c4 7. Qc2 e6 8. e4 Qa5 9. e5 Nd7 10.
h4 b5 11. h5 b4 12. g4 Nb6 13. Bg2 Bd7 14. Ne2 Rb8 15. O-O Na4 16. Rab1 Be7 17. Be3 f6 18. f4 O-O 19. Nf3 f5 20. gxf5 Rxf5 21. Ng3 Rff8 22. Bd2 bxc3 23. bxc3 Rxb1 24. Rxb1 Nb6 25. Bh3 Nd8 26. Rf1 Ba3 27. f5 exf5 28. Bxf5 Bxf5 29. Nxf5 Qa4 30. Qb1 Qd7 31. Ng5 g6 32.
hxg6 hxg6 33. Nh6+ Kg7 34. Rxf8 Kxf8 35. Qxg6 Qg7 36.
Nh7+ Qxh7 37. Qxh7 1-0

[Event "Late-Titled-Tuesday-Blitz-October-10-2023"]
[Site "Chess.com"]
[Date "2023.10.10"]
[Round "2"]
[White "Sanyura"]
[Black "Dhaydon19"]
[Result "0-1"]
[WhiteElo "2536"]
[BlackElo "2794"]
[TimeControl "180+1"]
[EndTime "14:17:14 PDT"]
[Termination "Dhaydon19 won by resignation"]

1. Nf3 Nf6 2. g3 b6 3. Bg2 Bb7 4. O-O e6 5. c4 c5 6. d4 cxd4 7. Qxd4 Bc5 8. Qh4 O-O 9. Nc3 Nc6 10. Bg5 Be7 11. Rad1 Na5 12. e4 h6 13. Bxf6 Bxf6 14. Qh5 Nxc4 15. Rfe1 Nxb2 16. e5 Nxd1 17. Rxd1 Be7 18. Qg4 Rc8 19. Ne4 Bxe4 20. Qxe4 Bc5 21. Bf1 f5 22. exf6 Qxf6 23. Kg2 d5 24. Qg4 Rce8 25.
Bd3 e5 26. Bg6 e4 27. Nh4 Qxf2+ 28. Kh3 Re5 29. Qd7 d4 30. Qg4 e3 31. Bd3 e2 32.
Bc4+ Rf7 33. Qc8+ Bf8 34. Bxf7+ Qxf7 35. Re1 Qe6+ 36. Qxe6+ Rxe6 37. Ng2 d3 0-1

[Event "Late-Titled-Tuesday-Blitz-October-10-2023"]
[Site "Chess.com"]
[Date "2023.10.10"]
[Round "2"]
[White "Alphafischer2019"]
[Black "Elsa167"]
[Result "0-1"]
[WhiteElo "2585"]
[BlackElo "2920"]
[TimeControl "180+1"]
[EndTime "14:17:17 PDT"]
[Termination "Elsa167 won by resignation"]

1. e4 c5 2. Nf3 e6 3. Bd3 Nc6 4. O-O g5 5. c3 g4 6. Ne1 Nf6 7. Bc2 d5 8. exd5 exd5 9. d4 Be6 10. dxc5 Bxc5 11. Nd3 Bd6 12. Bf4 h5 13. Re1 Qc7 14. Bxd6 Qxd6 15. Na3 a6 16. Qe2 O-O-O 17. b4 Ne4 18. c4 dxc4 19. Qxe4 cxd3 20. Ba4 d2 21. Red1 Nxb4 22. Rab1 a5 23. Nb5 Qc5 24. a3 Bf5 25.
axb4 Bxe4 26. bxc5 Bxb1 27. Rxb1 Rhe8 28. Kf1 Re4 29. Bc2 Rc4 30. Na7+ Kc7 31. Nb5+ Kb8 32. Na3 Rxc2 33. Nxc2 d1=Q+ 34. Rxd1 Rxd1+ 35. Ke2 Rd5 36.
c6 bxc6 37. Ne3 Rd8 38. Nc4 a4 39. Na5 Kc7 40. Nc4 Ra8 41. Kd3 a3 42. Nxa3 Rxa3+ 0-1

[Event "Late-Titled-Tuesday-Blitz-October-10-2023"]
[Site "Chess.com"]
[Date "2023.10.10"]
[Round "2"]
[White "DopplerCharlotteDeWitte"]
[Black "Herman-NY"]
[Result "0-1"]
[WhiteElo "2778"]
[BlackElo "2551"]
[TimeControl "180+1"]
[EndTime "14:17:17 PDT"]
[Termination "Herman-NY won by resignation"]

1. e4 e5 2. Nf3 Nc6 3. d4 exd4 4.
Nxd4 Bc5 5. Nb3 Bb6 6. Nc3 a5 7.
Bb5 d6 8. Nd5 Ba7 9. O-O a4 10.
Nd4 Bd7 11. Nf5 g6 12. Nxc7+ Qxc7 13. Nxd6+ Kf8 14. Bf4 Be6 15. Bg3 Rd8 16. Bxa4 Bc5 17. e5 Nxe5 18. Bxe5 Bxd6 19. Bxd6+ Rxd6 20. Qf3 Kg7 21. Bb3 Nf6 22. h3 Rhd8 23. Rfe1 Bxb3 24. cxb3 Rd2 25.
Rac1 Qb6 26. Re2 Rd1+ 27. Rxd1 Rxd1+ 28. Kh2 Qd6+ 29. g3 Rd5 30. Kg2 Rd1 31. Qxb7 h5 32. Re7 Qd5+ 33. Qxd5 Rxd5 34. a4 Rd2 35. b4 Rxb2 36.
b5 Rb4 37. Ra7 Nd5 38. Kf3 Nc3 39. Ke3 Nxa4 40. Kd3 Nb6 41. Kc3 Rxb5 42. Rb7 Nd5+ 43. Kd4 Rxb7 44. Kxd5 Re7 45. f4 Re6 46. g4 hxg4 47.
hxg4 Kf6 48. Kd4 Re8 49. Kd5 g5 50. f5 Re1 51. Kd4 Rg1 0-1

[Event "Late-Titled-Tuesday-Blitz-October-10-2023"]
[Site "Chess.com"]
[Date "2023.10.10"]
[Round "2"]
[White "hellokostya"]
[Black "ferdipy"]
[Result "0-1"]
[WhiteElo "2632"]
[BlackElo "2364"]
[TimeControl "180+1"]
[EndTime "14:17:17 PDT"]
[Termination "ferdipy won on time"]

1. d4 e5 2. dxe5 d6 3. Nf3 Nc6 4. Nc3 Bg4 5. Bg5 f6 6. exf6 gxf6 7. Bf4 Qe7 8. e3 O-O-O 9. Bb5 Ne5 10. Be2 h5 11. h3 Bd7 12. Qd4 Nh6 13. Qxa7 Nc6 14. Qa8+ Nb8 15. O-O-O Nf5 16. Nd5 Qf7 17. Kb1 Bc6 18.
Bc4 Qg6 19. Qa5 b6 20. Nxb6+ cxb6 21. Qxb6 Rd7 22. Be6 Rh7 23. Rd3 Qxg2 24. Rhd1 Qxf3 25. Bxf5 Rg7 26. Bg3 Qxf5 27. Rc3 Rc7 28. a3 Qb5 29. Qd4 Rgd7 30. Rb3 Qc5 31. Qxf6 Bg7 32. Qe6 Ba4 33. Qg8+ Rd8 34. Qe6+ Nd7 35. Rc3 Bxc3 36. Bxd6 Qb5 37. b4 Rc6 0-1

[Event "Late-Titled-Tuesday-Blitz-October-10-2023"]
[Site "Chess.com"]
[Date "2023.10.10"]
[Round "2"]
[White "TheoSlade"]
[Black "Nekoo04"]
[Result "1-0"]
[WhiteElo "2514"]
[BlackElo "2279"]
[TimeControl "180+1"]
[EndTime "14:17:17 PDT"]
[Termination "TheoSlade won on time"]

1. d4 d5 2. c4 e6 3. Nf3 Nf6 4. g3 Bb4+ 5. Nbd2 O-O 6. Bg2 b6 7. O-O Bb7 8. a3 Be7 9. cxd5 exd5 10. b4 Nbd7 11. b5 Ne4 12. Qb3 Bd6 13. a4 Re8 14. e3 Ndf6 15. Ba3 Qd7 16. Bxd6 cxd6 17. Rac1 Rac8 18.
h4 Rxc1 19. Rxc1 Rc8 20. Rc2 Rxc2 21. Qxc2 Qc8 22. Qxc8+ Bxc8 23. Nxe4 Nxe4 24. Kf1 Nc3 25. Nd2 Be6 26. e4 Nxa4 27. exd5 Bd7 28. Ne4 Bxb5+ 29. Ke1 Kf8 30. Nxd6 Bd7 31. Nc4 Ke7 32. d6+ Kd8 33. Ne5 f6 34. Nc6+ Bxc6 35. Bxc6 Nc3 36. Kd2 Na2 37. Be4 Kd7 38. Bxh7 Kxd6 39. g4 Nb4 40.
Bg8 a5 41. f4 Nd5 42. f5 Nf4 43.
g5 Ng2 44. h5 Nh4 45. h6 gxh6 46. gxh6 1-0